[Event "FIDE Grand Swiss 2023"]
[Site "Villa Marina, Douglas, Isle of Man"]
[Date "2023.11.01"]
[Round "7.50"]
[White "Shevchenko, Kirill"]
[Black "Parligras, Mircea-Emilian"]
[Result "1/2-1/2"]
[WhiteElo "2671"]
[BlackElo "2561"]
[EventDate "2023.10.25"]
[ECO "A07"]
[PlyCount "73"]
[BlackClock "00:00:48"]
[BlackFideId "1204297"]
[TimeControl "40/100 + 20/50 + 15 + 30s/move"]
[WhiteClock "00:00:47"]
[WhiteFideId "14129574"]

1.Nf3 d5 2.g3 b6 3.Bg2 Bb7 4.O-O e6 5.d3 Nf6 6.c4 dxc4 7.dxc4 Qxd1 8.Rxd1 Bd6 9.Nc3 a6 10.Nd4 Bxg2 11.Kxg2 Nbd7 12.Bg5 h6 13.Bxf6 Nxf6 14.Na4 O-O-O 15.Rac1 Kb7 16.c5 Be7 17.b4 b5 18.Nc3 Nd5 19.Nxd5 exd5 20.a4 bxa4 21.Ra1 Bf6 22.Rxa4 Bxd4 23.Rxd4 Rhe8 24.Kf3 Re5 25.e3 Rde8 26.c6+ Kxc6 27.Rxa6+ Kb7 28.Ra2 c6 29.Rd3 Kb6 30.Rda3 Kb5 31.Ra7 R8e7 32.Ra8 Rb7 33.Rc2 Re6 34.Kg2 Rb6 35.Ra7 Rf6 36.Ra1 Ra6 37.Rb1 1/2-1/2

[Event "FIDE Grand Swiss 2023"]
[Site "Villa Marina, Douglas, Isle of Man"]
[Date "2023.11.01"]
[Round "7.51"]
[White "Idani, Pouya"]
[Black "Samunenkov, Ihor"]
[Result "1/2-1/2"]
[WhiteElo "2633"]
[BlackElo "2531"]
[EventDate "2023.10.25"]
[ECO "C42"]
[PlyCount "125"]
[BlackFideId "14187086"]
[TimeControl "40/100 + 20/50 + 15 + 30s/move"]
[WhiteFideId "12510130"]

1.e4 e5 2.Nf3 Nf6 3.Nxe5 d6 4.Nf3 Nxe4 5.Bd3 Nf6 6.O-O Bg4 7.Re1+ Be7 8.h3 Bh5 9.Bf1 O-O 10.d4 c6 11.c4 d5 12.g4 Bg6 13.Ne5 dxc4 14.Bxc4 Nbd7 15.Nc3 Bb4 16.f4 c5 17.d5 Nxe5 18.fxe5 Nd7 19.Bf1 c4 20.Bf4 b5 21.Qf3 Nc5 22.d6 Nd3 23.Bxd3 cxd3 24.Qg3 Rc8 25.h4 Qb6+ 26.Be3 Qb7 27.h5 Be4 28.Rf1 Bxc3 29.bxc3 Qd5 30.Rac1 Rfe8 31.Bd4 b4 32.Qe3 Rc4 33.Rf2 bxc3 34.Bxc3 Rec8 35.Rcf1 Rxc3 36.Rxf7 h6 37.d7 Rd8 38.Qf4 Qd4+ 39.Kh2 Rxd7 40.e6 Rc2+ 41.Kg3 Rd8 42.e7 Rcc8 43.exd8=Q+ Rxd8 44.Rf8+ Rxf8 45.Qxf8+ Kh7 46.Qf4 Kg8 47.Re1 d2 48.Rd1 Qd3+ 49.Kf2 Qd4+ 50.Qe3 Qf6+ 51.Kg3 Qe5+ 52.Qf4 Qc3+ 53.Kf2 Qd4+ 54.Qe3 Qf6+ 55.Kg1 Bf3 56.g5 hxg5 57.Rxd2 g4 58.Qxa7 Qh4 59.Qb8+ Kh7 60.Qb1+ Kh8 61.Qb8+ Kh7 62.Qb1+ Kh8 63.Qb8+ 1/2-1/2

[Event "FIDE Grand Swiss 2023"]
[Site "Villa Marina, Douglas, Isle of Man"]
[Date "2023.11.01"]
[Round "7.52"]
[White "Lazavik, Denis"]
[Black "Henriquez Villagra, Cristobal"]
[Result "1/2-1/2"]
[WhiteElo "2560"]
[BlackElo "2630"]
[EventDate "2023.10.25"]
[ECO "D11"]
[PlyCount "84"]
[BlackClock "00:44:54"]
[BlackFideId "3409350"]
[TimeControl "40/100 + 20/50 + 15 + 30s/move"]
[WhiteClock "00:52:36"]
[WhiteFideId "13515110"]

1.d4 d5 2.c4 c6 3.Nf3 Nf6 4.e3 e6 5.b3 Ne4 6.Qc2 Bb4+ 7.Nbd2 f5 8.Be2 O-O 9.O-O Nd7 10.Ne1 Bd6 11.Nd3 Rf6 12.Nf3 Rh6 13.g3 Qf6 14.Bb2 g5 15.Nfe5 Rh3 16.Kg2 Qh6 17.Rh1 Bxe5 18.dxe5 dxc4 19.bxc4 g4 20.f3 Ng5 21.Nf2 Nxf3 22.Bxf3 gxf3+ 23.Kxf3 b6 24.Nxh3 Qxh3 25.Qg2 Qg4+ 26.Kf2 Nc5 27.Rhd1 Ba6 28.Kg1 Ne4 29.Rac1 Bxc4 30.h3 Qe2 31.Qxe2 Bxe2 32.Rd7 c5 33.a4 h5 34.Kg2 Kf8 35.Rc2 Ba6 36.Rh7 Rd8 37.Rxa7 Bd3 38.Rc1 Be2 39.Bc3 Rd3 40.Rb1 Nxc3 41.Rxb6 Rd8 42.Rbb7 Bc4 1/2-1/2

[Event "FIDE Grand Swiss 2023"]
[Site "Villa Marina, Douglas, Isle of Man"]
[Date "2023.11.01"]
[Round "7.53"]
[White "Mendonca, Leon Luke"]
[Black "Gurel, Ediz"]
[Result "1/2-1/2"]
[WhiteElo "2622"]
[BlackElo "2514"]
[EventDate "2023.10.25"]
[ECO "C42"]
[PlyCount "102"]
[BlackFideId "44507356"]
[TimeControl "40/100 + 20/50 + 15 + 30s/move"]
[WhiteFideId "35028561"]

1.e4 e5 2.Nf3 Nf6 3.Nxe5 d6 4.Nf3 Nxe4 5.d4 d5 6.Bd3 Bd6 7.O-O O-O 8.c4 c6 9.Qc2 h6 10.c5 Bc7 11.Nc3 f5 12.a3 Be6 13.Ne2 g5 14.Ne1 Nd7 15.f3 Qe8 16.g3 Qh5 17.Ng2 Rae8 18.Be3 Ndf6 19.Rae1 Kh8 20.Bc1 Rf7 21.Qd1 Bc8 22.Bc2 Ref8 23.Qd3 Kg8 24.Bd1 Qg6 25.Qc2 f4 26.gxf4 Bh3 27.fxe4 Nxe4 28.Ng3 gxf4 29.Nxe4 f3 30.Nf6+ Rxf6 31.Qxg6+ Rxg6 32.Bxf3 Rxf3 33.Re8+ Kh7 34.Re7+ Kg8 35.Rxf3 Rxg2+ 36.Kf1 Rg7+ 37.Rxh3 Rxe7 38.Bxh6 Re4 39.Rb3 b6 40.cxb6 Bxb6 41.Be3 Bxd4 42.Bxd4 Rxd4 43.Rc3 Rd1+ 44.Ke2 Rh1 45.Rxc6 Rxh2+ 46.Kd3 Rxb2 47.Ra6 Rb7 48.Kd4 Rd7 49.Ra5 Kf7 50.Rxd5 Ke6 51.Rxd7 Kxd7 ( 51...Kxd7 52.Ke4 ) 1/2-1/2

[Event "FIDE Grand Swiss 2023"]
[Site "Villa Marina, Douglas, Isle of Man"]
[Date "2023.11.01"]
[Round "7.54"]
[White "Royal, Shreyas"]
[Black "Sanal, Vahap"]
[Result "1-0"]
[WhiteElo "2407"]
[BlackElo "2603"]
[EventDate "2023.10.25"]
[ECO "E18"]
[PlyCount "89"]
[BlackClock "00:45:57"]
[BlackFideId "6300545"]
[TimeControl "40/100 + 20/50 + 15 + 30s/move"]
[WhiteClock "00:46:42"]
[WhiteFideId "448869"]

1.d4 Nf6 2.c4 e6 3.Nf3 b6 4.g3 Bb7 5.Bg2 Be7 6.O-O O-O 7.Nc3 Ne4 8.Bd2 d6 9.d5 Nxd2 10.Nxd2 e5 11.b4 a5 12.bxa5 Rxa5 13.a4 Nd7 14.Nb3 Ra6 15.a5 f5 16.Qc2 g6 17.axb6 cxb6 18.Nb5 Qb8 19.Qd2 Rc8 20.e4 Rxc4 21.exf5 gxf5 22.Qe2 Rb4 23.N3d4 Qf8 24.Nc6 Rg4 25.Nbd4 Rxa1 26.Rxa1 Bf6 27.Nxf5 Rg5 28.Ne3 Nc5 29.h4 Rg7 30.Nf5 Rc7 31.Rb1 Bc8 32.Qg4+ Rg7 33.Qh5 Rb7 34.Ne3 b5 35.Qe2 Na4 36.Nd1 Rg7 37.Qxb5 Nc5 38.Ne3 e4 39.Qe2 h6 40.Qh5 Kh7 41.Rb8 Bc3 42.Bh3 Qf4 43.Bxc8 Rxg3+ 44.fxg3 Qxe3+ 45.Kg2 1-0

[Event "FIDE Grand Swiss 2023"]
[Site "Villa Marina, Douglas, Isle of Man"]
[Date "2023.11.01"]
[Round "7.55"]
[White "Iturrizaga Bonelli, Eduardo"]
[Black "Fier, Alexandr"]
[Result "1-0"]
[WhiteElo "2615"]
[BlackElo "2574"]
[EventDate "2023.10.25"]
[ECO "D05"]
[PlyCount "77"]
[BlackClock "00:26:58"]
[BlackFideId "2107139"]
[TimeControl "40/100 + 20/50 + 15 + 30s/move"]
[WhiteClock "00:01:35"]
[WhiteFideId "3901211"]

1.d4 d5 2.Nf3 Nf6 3.e3 e6 4.Bd3 c5 5.b3 b6 6.O-O Bb7 7.Bb2 Nc6 8.Nbd2 Be7 9.dxc5 bxc5 10.c4 d4 11.exd4 cxd4 12.a3 a5 13.Qc2 h6 14.Ne4 O-O 15.Rad1 e5 16.Rfe1 Nd7 17.Ng3 Re8 18.Bh7+ Kh8 19.Be4 Qc7 20.Bd5 Nb4 21.axb4 Bxd5 22.Nxe5 Nxe5 23.Bxd4 Ng6 24.Nh5 Bxg2 25.Nxg7 Rg8 26.Nh5+ Ne5 27.Ng3 Bf6 28.Bxe5 Bxe5 29.Kxg2 axb4 30.Qf5 Rg5 31.Qf3 Ra6 32.Rd5 Rf6 33.Qd3 Kg7 34.Re4 Bxg3 35.hxg3 Qc6 36.Qd4 Kg6 37.Ree5 Rxe5 38.Qxe5 Re6 39.Qb8 1-0

[Event "FIDE Grand Swiss 2023"]
[Site "Villa Marina, Douglas, Isle of Man"]
[Date "2023.11.01"]
[Round "7.56"]
[White "Wu, Li"]
[Black "Krasenkow, Michal"]
[Result "1/2-1/2"]
[WhiteElo "2303"]
[BlackElo "2531"]
[EventDate "2023.10.25"]
[ECO "A41"]
[PlyCount "94"]
[BlackClock "00:45:52"]
[BlackFideId "1113100"]
[TimeControl "40/100 + 20/50 + 15 + 30s/move"]
[WhiteClock "00:52:54"]
[WhiteFideId "411086"]

1.d4 d6 2.Nf3 Bg4 3.e4 Nd7 4.Nbd2 e6 5.h3 Bh5 6.c3 Ngf6 7.Bd3 Be7 8.Qe2 O-O 9.g4 Bg6 10.Nh4 c5 11.O-O cxd4 12.cxd4 e5 13.f4 exf4 14.Nxg6 hxg6 15.Nf3 Qb6 16.Kg2 g5 17.e5 dxe5 18.dxe5 Ne8 19.h4 gxh4 20.Qe4 g6 21.Qxf4 Nc7 22.Qh6 Qe6 23.Kh3 Nxe5 24.Nxe5 Qxe5 25.Bf4 Qd4 26.Bxg6 fxg6 27.Qxg6+ Qg7 28.Qxg7+ Kxg7 29.Bxc7 Rac8 30.Be5+ Kg6 31.Rxf8 Rxf8 32.Re1 Rf3+ 33.Kg2 Rd3 34.Bf4 Bg5 35.Re6+ Kf7 36.Rd6 Rxd6 37.Bxd6 Ke6 38.Bc5 a5 39.Kh3 a4 40.Bf2 Ke5 41.Bxh4 Bc1 42.b3 b5 43.Be7 Kd4 44.Kh4 Kc3 45.bxa4 bxa4 46.g5 Bxg5+ 47.Kxg5 Kc4 1/2-1/2

[Event "FIDE Grand Swiss 2023"]
[Site "Villa Marina, Douglas, Isle of Man"]
[Date "2023.11.01"]
[Round "7.57"]
[White "Greenfeld, Alon"]
[Black "Kolbus, Dietmar"]
[Result "1-0"]
[WhiteElo "2455"]
[BlackElo "2225"]
[EventDate "2023.10.25"]
[ECO "D72"]
[PlyCount "63"]
[BlackClock "00:13:35"]
[BlackFideId "4610628"]
[TimeControl "40/100 + 20/50 + 15 + 30s/move"]
[WhiteClock "00:17:13"]
[WhiteFideId "2800039"]

1.d4 Nf6 2.c4 g6 3.g3 Bg7 4.Bg2 d5 5.cxd5 Nxd5 6.e4 Nb6 7.Ne2 e5 8.d5 c6 9.Nec3 O-O 10.O-O N8d7 11.a4 a5 12.Na3 Re8 13.Be3 Bf8 14.Qe2 Bc5 15.Rfd1 Qe7 16.Rac1 Bxe3 17.Qxe3 Qb4 18.Na2 Qxa4 19.d6 c5 20.Bf1 c4 21.Nc3 Qb4 22.Nxc4 Nxc4 23.Bxc4 Nf6 24.Qf3 Kg7 25.Qxf6+ Kxf6 26.Nd5+ Kg7 27.Nxb4 axb4 28.d7 Rd8 29.dxc8=Q Raxc8 30.Rxd8 Rxd8 31.Bd5 Rd7 32.Rc4 1-0

[Event "FIDE Grand Swiss 2023"]
[Site "Villa Marina, Douglas, Isle of Man"]
[Date "2023.11.02"]
[Round "8.2"]
[White "Caruana, Fabiano"]
[Black "Bacrot, Etienne"]
[Result "1-0"]
[WhiteElo "2786"]
[BlackElo "2669"]
[EventDate "2023.10.25"]
[ECO "B48"]
[PlyCount "120"]
[BlackClock "00:01:14"]
[BlackFideId "605506"]
[TimeControl "40/100 + 20/50 + 15 + 30s/move"]
[WhiteClock "00:07:33"]
[WhiteFideId "2020009"]

1.e4 c5 2.Nf3 e6 3.d4 cxd4 4.Nxd4 Nc6 5.Nc3 Qc7 6.Be3 a6 7.a3 b5 8.Nxc6 Qxc6 9.Be2 Bb7 10.O-O Ne7 11.Qd2 Nf5 12.Bf4 Nh4 13.Rfd1 Be7 14.Bg5 Bxg5 15.Qxg5 Ng6 16.Rd4 O-O 17.Rad1 Rad8 18.a4 bxa4 19.Qa5 d5 20.exd5 exd5 21.Bf3 Qf6 22.Qxa4 Ne7 23.h3 h6 24.Ne4 Qb6 25.Rb4 Bc6 26.Qa3 Qc7 27.Ng3 Bb5 28.Rbd4 Rfe8 29.c3 Bc4 30.b3 Bb5 31.Qb2 Rc8 32.Rc1 Nc6 33.Rdd1 Ne5 34.Be2 Bxe2 35.Qxe2 Qc6 36.Nf5 Qf6 37.Ne3 Ng6 38.Qg4 Ne7 39.Rd4 a5 40.Qd1 Rc5 41.Qd2 Rec8 42.Rd3 h5 43.Rc2 g6 44.Rc1 Kh7 45.Rd4 Qg5 46.g3 Kg8 47.Re1 Qf6 48.b4 axb4 49.cxb4 Rb5 50.Rf4 Qc3 51.Qxc3 Rxc3 52.Ng4 Kf8 53.Ne5 f5 54.Ra1 g5 55.Rd4 Nc6 56.Nxc6 Rxc6 57.Ra5 Rxa5 58.bxa5 Rc5 ( 58...Rd6 59.Ra4 Ra6 ) 59.Ra4 Ke7 60.a6 Rc8 ( 60...Rc8 61.Kf1 Ra8 62.a7 Kf6 63.Ke2 f4 
64.gxf4 gxf4 65.h4 Ke7 ) 1-0

[Event "FIDE Grand Swiss 2023"]
[Site "Villa Marina, Douglas, Isle of Man"]
[Date "2023.11.02"]
[Round "8.19"]
[White "Artemiev, Vladislav"]
[Black "Gledura, Benjamin"]
[Result "1/2-1/2"]
[WhiteElo "2697"]
[BlackElo "2633"]
[EventDate "2023.10.25"]
[ECO "B52"]
[PlyCount "84"]
[BlackFideId "712779"]
[TimeControl "40/100 + 20/50 + 15 + 30s/move"]
[WhiteFideId "24101605"]

1.e4 c5 2.Nf3 d6 3.Bb5+ Bd7 4.Bxd7+ Nxd7 5.O-O e6 6.c3 Ngf6 7.Qe2 Be7 8.Rd1 O-O 9.d4 cxd4 10.cxd4 b5 11.Bg5 a6 12.a4 h6 13.Bh4 bxa4 14.Rxa4 a5 15.Nc3 Nb6 16.Raa1 a4 17.Qb5 Rb8 18.Bxf6 Bxf6 19.e5 Be7 20.Nxa4 Nxa4 21.Qxa4 Rxb2 22.Qa7 dxe5 23.dxe5 Qb6 24.Qxb6 Rxb6 25.Rab1 Rxb1 26.Rxb1 g5 27.h3 Rc8 28.g4 Rc2 29.Rd1 Bc5 30.Rd2 Rxd2 31.Nxd2 Kf8 32.Kg2 Ke7 33.Kg3 Kd7 34.Ne4 Be7 35.f4 Kc6 36.Kf3 Kd5 37.Nc3+ Kc4 38.Ne4 Kd5 39.Nc3+ Kd4 40.Nb5+ Kc5 41.Nc3 Kd4 42.Nb5+ Kc5 ( 
42...Kc5 43.Ke4 ) 1/2-1/2

[Event "FIDE Grand Swiss 2023"]
[Site "Villa Marina, Douglas, Isle of Man"]
[Date "2023.11.02"]
[Round "8.28"]
[White "Aryan, Chopra"]
[Black "Bluebaum, Matthias"]
[Result "1/2-1/2"]
[WhiteElo "2634"]
[BlackElo "2668"]
[EventDate "2023.10.25"]
[ECO "C45"]
[PlyCount "135"]
[BlackFideId "24651516"]
[TimeControl "40/100 + 20/50 + 15 + 30s/move"]
[WhiteFideId "5084423"]

1.e4 e5 2.Ne2 Nc6 3.d4 exd4 4.Nxd4 Nf6 5.Nxc6 bxc6 6.e5 Qe7 7.Qe2 Nd5 8.h4 Qe6 9.Nd2 a5 10.g3 Nb4 11.Nf3 Ba6 12.c4 Qg6 13.Kd1 c5 14.a3 Nc6 15.h5 Qe6 16.Bd2 Be7 17.Bc3 O-O 18.Qe4 Rad8 19.Bd3 f5 20.exf6 Qxe4 21.Bxe4 Bxf6 22.Bd5+ Kh8 23.Nh4 Ne7 24.Ng6+ Nxg6 25.hxg6 h6 26.Bf7 Bxc3 27.bxc3 d5 28.Kc2 Bxc4 29.Rae1 Rd7 30.Re8 Rxe8 31.Bxe8 Re7 32.Bf7 Re2+ 33.Kc1 Bd3 34.Rh5 c6 35.f4 Rc2+ 36.Kd1 Be2+ 37.Kxc2 Bxh5 38.f5 Bf3 39.Be6 Be4+ 40.Kd2 d4 41.g4 Bb1 42.c4 Be4 43.Ke2 Bg2 44.Kf2 d3 45.g5 d2 46.Ke2 hxg5 47.Kxd2 a4 48.Ke3 Bh1 49.Kf2 g4 50.Kg3 Bf3 51.Kf4 Be2 52.Kg3 Bf3 53.Kf4 Be2 54.Ke5 Bd3 55.f6 Bxg6 56.Bxg4 gxf6+ 57.Kxf6 Bd3 58.Be6 Bf1 59.Ke7 Kg7 60.Kd6 Kf6 61.Bg8 Kg7 62.Be6 Kf6 63.Bd7 Bxc4 64.Bxc6 Bb3 65.Kxc5 Ke7 66.Kb4 Kd6 67.Bxa4 Bxa4 68.Kxa4 ( 68.Kxa4 Ke5 {Chopra Aryan 2634 - Matthias Bluebaum 2668, FIDE Grand
Swiss 2023, Villa Marina, Douglas, Isle of Man, Isle Of Man (8.28), 2023.11.02} 
) 1/2-1/2

[Event "FIDE Grand Swiss 2023"]
[Site "Villa Marina, Douglas, Isle of Man"]
[Date "2023.11.02"]
[Round "8.32"]
[White "Tari, Aryan"]
[Black "Narayanan.S.L"]
[Result "1/2-1/2"]
[WhiteElo "2619"]
[BlackElo "2651"]
[EventDate "2023.10.25"]
[ECO "A33"]
[PlyCount "60"]
[BlackClock "01:08:38"]
[BlackFideId "5058422"]
[TimeControl "40/100 + 20/50 + 15 + 30s/move"]
[WhiteClock "00:39:28"]
[WhiteFideId "1510045"]

1.c4 c5 2.Nf3 Nf6 3.Nc3 Nc6 4.d4 cxd4 5.Nxd4 e6 6.e4 Bc5 7.Nb3 Bb4 8.Bd3 d5 9.exd5 exd5 10.cxd5 Qxd5 11.O-O Bxc3 12.bxc3 O-O 13.c4 Qd7 14.Bg5 Rd8 15.Bxf6 gxf6 16.Be4 Qxd1 17.Rfxd1 ( 17.Re1 Qxa1 18.Rxa1 Bd7 ) 17...Be6 18.Nc5 f5 19.Bf3 Rxd1+ 20.Rxd1 Bxc4 21.Nxb7 Ne5 22.Bd5 Rb8 23.h3 Bxa2 24.Bxa2 Rxb7 25.Rd5 Re7 26.f4 Nc6 27.Rxf5 Nd4 28.Rg5+ Kf8 29.Kh2 Ne2 30.Rf5 Kg7 1/2-1/2

[Event "FIDE Grand Swiss 2023"]
[Site "Villa Marina, Douglas, Isle of Man"]
[Date "2023.11.02"]
[Round "8.35"]
[White "Rodrigue-Lemieux, Shawn"]
[Black "Van Foreest, Jorden"]
[Result "0-1"]
[WhiteElo "2488"]
[BlackElo "2707"]
[EventDate "2023.10.25"]
[ECO "B51"]
[PlyCount "142"]
[BlackFideId "1039784"]
[TimeControl "40/100 + 20/50 + 15 + 30s/move"]
[WhiteFideId "2620049"]

1.e4 c5 2.Nf3 d6 3.Bb5+ Nd7 4.Ba4 Nf6 5.O-O a6 6.c4 e6 7.Nc3 Be7 8.d4 cxd4 9.Nxd4 O-O 10.Re1 Qc7 11.Qe2 h6 12.h3 Kh8 13.Nf3 b6 14.Bxd7 Nxd7 15.Bf4 Bb7 16.Rac1 Rac8 17.b3 Kg8 18.Red1 Rfd8 19.Nd4 Ne5 20.Be3 Bf6 21.Qh5 Qe7 22.Qe2 Ba8 23.Nf3 Nxf3+ 24.Qxf3 b5 25.Bb6 Rf8 26.cxb5 axb5 27.Bd4 Bg5 28.Be3 b4 29.Nb5 d5 30.Bxg5 Qxg5 31.Rxc8 Rxc8 32.exd5 Bxd5 33.Qg4 Rc1 34.Rxc1 Qxc1+ 35.Kh2 Qd2 36.Nc7 Bc6 37.f3 Qd6+ 38.Qg3 e5 39.Na6 Bb5 40.Nxb4 Qxb4 41.Qxe5 Bd7 42.Qd5 Be6 43.Qd8+ Kh7 44.Qd3+ g6 45.Qa6 Qd2 46.Qa7 Kg7 47.Qa4 h5 48.Qa6 h4 49.Qa4 g5 50.Qb5 Kf6 51.Qa6 Ke5 52.Qb5+ Qd5 53.Qb8+ Kf5 54.Qa7 Qe5+ 55.Kh1 Kg6 56.Qa6 Kg7 57.Qa7 Qe1+ 58.Kh2 Bxh3 59.Qd4+ Kg6 60.gxh3 Qg3+ 61.Kh1 Qxh3+ 62.Kg1 Qg3+ 63.Kh1 Qxf3+ 64.Kg1 h3 65.Qd6+ Kh5 66.Qd2 g4 67.Kh2 Qe4 68.Qf2 f5 69.Qb2 Kg6 70.Kg3 f4+ 71.Kh2 Kf5 0-1

[Event "FIDE Grand Swiss 2023"]
[Site "Villa Marina, Douglas, Isle of Man"]
[Date "2023.11.02"]
[Round "8.37"]
[White "Gupta, Abhijeet"]
[Black "Martirosyan, Haik M."]
[Result "1/2-1/2"]
[WhiteElo "2609"]
[BlackElo "2696"]
[EventDate "2023.10.25"]
[ECO "D35"]
[PlyCount "229"]
[BlackClock "00:02:10"]
[BlackFideId "13306553"]
[TimeControl "40/100 + 20/50 + 15 + 30s/move"]
[WhiteClock "00:02:38"]
[WhiteFideId "5010608"]

1.d4 Nf6 2.c4 e6 3.Nf3 d5 4.Nc3 Nbd7 5.cxd5 exd5 6.Qc2 Bb4 7.Bf4 Ne4 8.g3 c6 9.Bg2 Qa5 10.Bd2 Nxd2 11.Nxd2 O-O 12.O-O Qd8 13.a3 Be7 14.b4 a6 15.Nb3 Nf6 16.Nc5 g6 17.Qb3 Rb8 18.Rad1 Bf5 19.Rfe1 Re8 20.e4 dxe4 21.N3xe4 Bxc5 22.dxc5 Qe7 23.Nxf6+ Qxf6 24.Qf3 Kg7 25.h4 h5 26.Qf4 Rbd8 27.Bf1 Re4 28.Qc1 Rxe1 29.Rxe1 Be6 30.Qe3 Rd4 31.Bg2 Rd7 32.Qc1 Bg4 33.Qe3 Bf5 34.Bf1 Be6 35.Qc1 Qd4 36.Bg2 Bf5 37.Bf3 Qf6 38.Rd1 Re7 39.Rd6 Qe5 40.Kg2 Be6 41.Qd2 Re8 42.a4 a5 43.bxa5 Bc4 44.Qb4 Ba6 45.Rd1 Qf5 46.Qc3+ Qf6 47.Qc2 Re5 48.Rc1 Kh7 49.Qc3 Qf5 50.Qd4 Re7 51.Qd2 Rd7 52.Qe1 Rd4 53.Qe7 Kg7 54.Re1 Rxa4 55.Qd6 Ra3 56.Be4 Qf6 57.Qd2 Qc3 58.Qg5 Ra4 59.Rc1 Qf6 60.Qxf6+ Kxf6 61.Kf3 Rxa5 62.Rc3 Ke6 63.Ke3 Ra4 64.Bc2 Rb4 65.Bb3+ Ke7 66.Kd2 Rd4+ 67.Kc2 Kf8 68.Rf3 Rd7 69.Kc3 Kg7 70.Re3 Bf1 71.f3 Kf6 72.g4 Bh3 73.Re4 hxg4 74.fxg4 g5 75.h5 Kg7 76.Bc4 Kh6 77.Be2 Bg2 78.Re8 Bd5 ( 78...Be4 ) 79.Re5 Be6 80.Bf3 Rd8 81.Be2 Ra8 82.Re4 Ra2 83.Kd4 Kg7 84.Kc3 Bd5 85.Re5 Be6 86.Re4 Kf6 87.Bd3 Ra3+ 88.Kd2 Kg7 89.Re5 Kh6 90.Bf5 Bd5 91.Re8 Kg7 92.Rd8 Rh3 93.Rd6 Bf3 94.Rd7 Kf6 95.Rxb7 Bd5 96.Rb6 Ke5 97.Rb4 Bf3 98.Rb3 Kf4 99.Rb4+ Kg3 100.Rd4 Kf2 101.Rd7 Kg3 102.Rd4 Kf2 103.Rd6 Kg3 104.Rd3 Kf4 105.Kc3 Rh4 106.Rd4+ Ke5 107.Ra4 Kd5 108.Ra7 f6 109.Rf7 Bxg4 110.Bxg4 Rxg4 111.Rxf6 Kxc5 112.Rf5+ Kd6 113.h6 Ke6 114.Rc5 Rh4 115.Rxg5 1/2-1/2

[Event "FIDE Grand Swiss 2023"]
[Site "Villa Marina, Douglas, Isle of Man"]
[Date "2023.11.02"]
[Round "8.41"]
[White "Mishra, Abhimanyu"]
[Black "Amin, Bassem"]
[Result "1/2-1/2"]
[WhiteElo "2592"]
[BlackElo "2680"]
[EventDate "2023.10.25"]
[ECO "C50"]
[PlyCount "81"]
[BlackClock "01:23:38"]
[BlackFideId "10601457"]
[TimeControl "40/100 + 20/50 + 15 + 30s/move"]
[WhiteClock "00:49:55"]
[WhiteFideId "30920019"]

1.e4 e5 2.Nf3 Nc6 3.Bc4 Nf6 4.d3 Bc5 5.c3 a6 6.O-O Ba7 7.a4 d6 8.Re1 O-O 9.h3 h6 10.Nbd2 Re8 11.b4 Be6 12.Bxe6 Rxe6 13.Qc2 Qd7 14.Rb1 Rd8 15.b5 Ne7 16.d4 Ng6 17.d5 Ree8 18.c4 Bc5 19.Nb3 Bb4 20.Bd2 Bxd2 21.Nfxd2 b6 22.a5 axb5 23.cxb5 Qxb5 24.Nd4 Qxa5 25.Nc6 Qc5 26.Qxc5 dxc5 27.Nxd8 Rxd8 28.Nc4 Ne8 29.Re3 f6 30.Ra3 Nh8 31.Rba1 Nf7 32.Ra8 Rxa8 33.Rxa8 Kf8 34.d6 Nxd6 35.Nxd6 cxd6 36.Rb8 Ke7 37.Rxb6 h5 38.Kf1 g6 39.Ke2 f5 40.f3 Nf6 41.Kd3 1/2-1/2

[Event "FIDE Grand Swiss 2023"]
[Site "Villa Marina, Douglas, Isle of Man"]
[Date "2023.11.02"]
[Round "8.54"]
[White "Sanal, Vahap"]
[Black "Kozak, Adam"]
[Result "1/2-1/2"]
[WhiteElo "2603"]
[BlackElo "2566"]
[EventDate "2023.10.25"]
[ECO "C65"]
[PlyCount "153"]
[BlackFideId "753246"]
[TimeControl "40/100 + 20/50 + 15 + 30s/move"]
[WhiteFideId "6300545"]

1.e4 e5 2.Nf3 Nc6 3.Bb5 Nf6 4.d3 Bc5 5.O-O Nd4 6.Nxd4 Bxd4 7.c3 Bb6 8.Na3 c6 9.Ba4 d6 10.Bc2 Be6 11.Nc4 Bc7 12.Qe2 b5 13.Ne3 O-O 14.d4 Re8 15.Rd1 d5 16.exd5 Bxd5 17.Nxd5 Nxd5 18.dxe5 Bxe5 19.Qf3 Qf6 20.Qxf6 Bxf6 21.Bd2 a5 22.Rac1 g6 23.g3 Nb6 24.Bf4 Nd5 25.Bd2 Nb6 26.b3 ( 26.b3 a4 27.Kf1 axb3 28.Bxb3 Na4 29.Be3 Nxc3 30.Rd6 Be5 31.Rd7 ) 26...a4 27.Kf1 axb3 28.Bxb3 Na4 29.Be3 Nxc3 30.Rd6 Be5 31.Rd7 Nd5 32.Bg5 Ra6 33.Re1 Raa8 34.Rc1 Ra6 35.Rxc6 Rxc6 36.Bxd5 Ree6 37.Bh6 Rc8 38.Bxe6 fxe6 39.Rb7 Bd4 40.Rxb5 Rc2 41.Rb8+ Kf7 42.Rf8+ Ke7 43.a3 Ra2 44.Rf3 e5 45.g4 Ke6 46.Bg5 e4 47.Rf4 Kd5 48.Rf7 Rxa3 49.Rxh7 Rf3 50.Rd7+ Kc4 51.Bh4 e3 52.Bg3 exf2 53.Re7 Kd3 54.Re2 Re3 55.Rxe3+ Bxe3 56.Bxf2 Bf4 57.Kg2 Ke4 58.Bg3 Bg5 59.h4 Be7 60.Kh3 Bf8 61.Be1 Bd6 62.Bc3 Be7 63.Bb2 Bf8 64.Bf6 Bd6 65.Bg7 Be7 66.Bh6 Bd6 67.Bg5 Bf8 68.Kg2 Bd6 69.Kf2 Bc5+ 70.Ke2 Bd6 71.h5 gxh5 72.gxh5 Kf5 73.Be3 Be7 74.h6 Kg6 75.Kf3 Bf8 76.Kg4 Bxh6 77.Bxh6 1/2-1/2

[Event "FIDE Grand Swiss 2023"]
[Site "Villa Marina, Douglas, Isle of Man"]
[Date "2023.11.02"]
[Round "8.57"]
[White "Krasenkow, Michal"]
[Black "Kolbus, Dietmar"]
[Result "1-0"]
[WhiteElo "2531"]
[BlackElo "2225"]
[EventDate "2023.10.25"]
[ECO "D10"]
[PlyCount "93"]
[BlackClock "00:36:07"]
[BlackFideId "4610628"]
[TimeControl "40/100 + 20/50 + 15 + 30s/move"]
[WhiteClock "01:22:45"]
[WhiteFideId "1113100"]

1.d4 d5 2.c4 c6 3.Nc3 Nf6 4.e3 g6 5.Nf3 Bg7 6.Be2 O-O 7.O-O b6 8.a4 Ba6 9.b3 Ne4 10.Bb2 Nxc3 11.Bxc3 Nd7 12.a5 dxc4 13.bxc4 c5 14.Qb3 e6 15.Rfd1 Qc7 16.d5 Bxc3 17.Qxc3 exd5 18.Rxd5 Bb7 19.Rd2 Rfe8 20.h4 h5 21.Rad1 Re7 22.Rd6 Rae8 23.axb6 axb6 24.Ng5 Bc6 25.Bf3 Bxf3 26.gxf3 Nf8 27.Qf6 Nh7 28.Nxh7 Kxh7 29.Rxb6 Re6 30.Rxe6 Rxe6 31.Qd8 Qb7 32.Kg2 Kg7 33.Rd7 Qc6 34.Qc7 Qxc7 35.Rxc7 Re5 36.f4 Rf5 37.Rc6 Rf6 38.Rxf6 Kxf6 39.Kf3 Kf5 40.e4+ Ke6 41.f5+ gxf5 42.Kf4 fxe4 43.Kxe4 f6 44.Kf4 f5 45.Kg5 Ke5 46.Kxh5 Ke4 47.Kg5 1-0

[Event "FIDE Grand Swiss 2023"]
[Site "Villa Marina, Douglas, Isle of Man"]
[Date "2023.11.03"]
[Round "9.1"]
[White "Caruana, Fabiano"]
[Black "Deac, Bogdan-Daniel"]
[Result "1/2-1/2"]
[WhiteElo "2786"]
[BlackElo "2701"]
[EventDate "2023.10.25"]
[ECO "C54"]
[PlyCount "85"]
[BlackFideId "1226380"]
[TimeControl "40/100 + 20/50 + 15 + 30s/move"]
[WhiteFideId "2020009"]
[ePGN "0.1;DGT LiveChess/2.2.5"]

1.e4 e5 2.Nf3 Nc6 3.Bc4 Nf6 4.d3 Bc5 5.c3 d6 6.Bg5 h6 7.Bh4 a6 8.Nbd2 Ba7 9.O-O Qe7 10.b4 g5 11.Bg3 Nh7 12.Bd5 Nf8 13.Nc4 Ng6 14.Ne3 Qd8 15.h3 h5 16.Qb3 O-O 17.a4 g4 18.hxg4 hxg4 19.Nh2 Qg5 20.b5 Na5 ( 
20...Nf4 21.bxc6 Ne2+ 22.Kh1 bxc6 ) 21.Qc2 Bxe3 22.fxe3 Qxe3+ 23.Qf2 Qxf2+ 24.Rxf2 Kg7 25.d4 Bd7 26.Nf1 axb5 27.axb5 c6 28.bxc6 bxc6 29.Ba2 Nb7 30.Rb1 Nd8 31.Ne3 Ra3 32.Rb3 Rxb3 33.Bxb3 Be6 34.Nf5+ Bxf5 35.exf5 Nf4 36.dxe5 dxe5 37.Bxf4 exf4 38.Rxf4 Kf6 39.Kf2 Nb7 40.Rxg4 Kxf5 41.Rc4 Rc8 42.Kf3 Rc7 43.Rf4+ ( 
43.Rf4+ Ke5 ) 1/2-1/2

[Event "FIDE Grand Swiss 2023"]
[Site "Villa Marina, Douglas, Isle of Man"]
[Date "2023.11.03"]
[Round "9.2"]
[White "Vidit, Santosh Gujrathi"]
[Black "Esipenko, Andrey"]
[Result "1/2-1/2"]
[WhiteElo "2716"]
[BlackElo "2683"]
[EventDate "2023.10.25"]
[ECO "C84"]
[PlyCount "74"]
[BlackFideId "24175439"]
[TimeControl "40/100 + 20/50 + 15 + 30s/move"]
[WhiteFideId "5029465"]

1.e4 e5 2.Nf3 Nc6 3.Bb5 a6 4.Ba4 Nf6 5.O-O Be7 6.d3 b5 7.Bb3 d6 8.a3 O-O 9.Nc3 Na5 10.Ba2 Be6 11.b4 Bxa2 12.Rxa2 Nc6 13.Bg5 Ng4 14.Bd2 Nf6 15.Re1 Qd7 16.Qa1 Rab8 17.Qb2 Bd8 18.h3 h6 19.Qb3 a5 20.bxa5 Nxa5 21.Qb1 c6 22.Rb2 Ra8 23.a4 bxa4 24.Rb4 Bc7 25.Rxa4 Rab8 26.Qa2 Nb7 27.Rb1 Nc5 28.Ra7 Qd8 29.Na4 Ne6 30.Re1 Ra8 31.Nb2 Rxa7 32.Qxa7 Qa8 33.Ra1 Qxa7 34.Rxa7 d5 35.Ba5 Bxa5 36.Rxa5 Rb8 37.Ra2 Nd7 1/2-1/2